 Dungeon Crawl Stone Soup version 0.22-a0-580-gd5db89c (webtiles) character file.

126 toffzen the Magician (level 4, 0/24 HPs)
             Began as a Deep Elf Fire Elementalist on July 3, 2018.
             Killed from afar by an orc wizard (8 damage)
             ... with a magic dart
             ... on level 3 of the Dungeon.
             The game lasted 00:05:50 (3595 turns).

toffzen the Magician (Deep Elf Fire Elementalist)   Turns: 3595, Time: 00:05:51

Health: 0/24       AC:  3    Str:  5    XL:     4   Next: 83%
Magic:  1/12       EV: 13    Int: 21    God:
Gold:   56         SH:  0    Dex: 15    Spells: 1/11 levels left

rFire    . . .     SeeInvis .   u - +0 mace (holy)
rCold    . . .     Gourm    .   (no shield)
rNeg     . . .     Faith    .   a - +0 robe
rPois    .         Spirit   .   t - +0 helmet
rElec    .         Reflect  .   (no cloak)
rCorr    .         Harm     .   (no gloves)
MR       .....                  (no boots)
Stlth    +.........             (no amulet)
HPRegen  0.08/turn              (no ring)
MPRegen  0.13/turn              (no ring)

@: confused
A: no striking features
a: no special abilities


You were on level 3 of the Dungeon.
You were not hungry.

You visited 1 branch of the dungeon, and saw 3 of its levels.

You collected 56 gold pieces.

Inventory:

Hand Weapons
 e - a +0 dagger
 u - a +0 mace of holy wrath (weapon)
Missiles
 g - 186 stones (quivered)
Armour
 a - a +0 robe (worn)
 t - a +0 helmet (worn)
Jewellery
 j - an uncursed ring of poison resistance {unknown}
 w - an uncursed ring of flight {unknown}
 x - an uncursed amulet of guardian spirit {unknown}
Scrolls
 b - 3 scrolls of remove curse {unknown}
 k - a scroll of fog {unknown}
 l - a scroll of blinking {unknown}
 m - 3 scrolls of teleportation {unknown}
 n - a scroll of noise {unknown}
 p - 2 scrolls of identify {unknown}
 q - a scroll of random uselessness {unknown}
Potions
 d - a potion of heal wounds {unknown}
 f - a potion of mutation {unknown}
 h - 4 potions of curing {unknown}
 i - a potion of brilliance {unknown}
 o - a potion of degeneration {unknown}
 r - a potion of cancellation {unknown}
 s - 2 potions of haste {unknown}
 v - a potion of resistance {unknown}
Comestibles
 c - 4 rations
 z - a chunk of flesh


   Skills:
 - Level 2.4 Dodging
 - Level 2.4 Stealth
 + Level 4.2 Spellcasting
 * Level 3.7 Conjurations
 + Level 4.1 Fire Magic


You had one spell level left.
You knew the following spells:

 Your Spells              Type           Power        Failure   Level  Hunger
a - Flame Tongue          Conj/Fire      ###..        2%          1    None
b - Throw Flame           Conj/Fire      ###...       3%          2    #......
c - Conjure Flame         Conj/Fire      ###.....     7%          3    ###....
d - Sticky Flame          Conj/Fire      ###.....     22%         4    ####...

Your spell library contained the following spells:

 Spells                   Type           Power        Failure   Level  Hunger
 Fireball                 Conj/Fire      ###.......   54%         5    ######.
 Inner Flame              Hex/Fire       ##......     16%         3    ###....


Dungeon Overview and Level Annotations

Branches:
Dungeon (3/15)

Altars:
Ru
Uskayaw
Xom
The Shining One


Message History

The orc wizard casts a spell at you.
You are confused.
The orc wizard casts a spell at you.
You are more confused.
Okay, then.
Unknown command.
You're too confused!
Unknown command.
Unknown command.
Unknown command.
The orc wizard hits you with a dagger.
You hit the orc wizard but do no damage.
The orc wizard is heavily wounded.
The orc wizard gestures at you while chanting.
The magic dart hits you! The orc wizard barely misses you.
The orc wizard points at you and mumbles some strange words.
You are more confused.
The orc wizard points at you and mumbles some strange words.
The magic dart hits you!
You die...

## #.....##...... #.###....#....
#.# ....##....
#########.##......§§..
#.......#.##........§≈ # #.#
###.#.###......§§# #. #.#
#.....# #......≈## # #.### #.#
#.#.### ##.....≈# ##. .[.#
#.###@#.## ###....≈#
##...##.###........#####.....≈##
.......>........o.....'......≈≈#
#...##.#######....####.......≈≈
# #.# ###.## #......... #.# #.#
##..##.... #####.### #)#
##..#.... #.......# #.# ##......
#.....#.# #.# ##.....


You could see an orc wizard.

Vanquished Creatures
  Robin (D:2)
  3 adders (D:2)
  An ooze (D:2)
  2 worms
  2 dart slugs (D:3)
  2 leopard geckos
  2 orcs (D:3)
  3 giant cockroaches
  17 goblins
  10 hobgoblins
  3 jackals (D:1)
  A quokka (D:3)
  3 bats
  7 frilled lizards
  3 kobolds
  6 rats
66 creatures vanquished.

Notes
Turn   | Place    | Note
-------+----------+-------------------------------------------
     0 | D:1      | toffzen the Deep Elf Fire Elementalist began the quest for the Orb.
     0 | D:1      | Reached XP level 1. HP: 10/10 MP: 6/6
   433 | D:1      | Reached XP level 2. HP: 15/15 MP: 6/8
   439 | D:1      | Learned a level 2 spell: Throw Flame
  1522 | D:2      | Reached XP level 3. HP: 19/19 MP: 7/10
  1621 | D:2      | Learned a level 3 spell: Conjure Flame
  2156 | D:2      | Reached XP level 4. HP: 24/24 MP: 7/11
  2174 | D:2      | Learned a level 4 spell: Sticky Flame
  2490 | D:2      | Found a glowing golden altar of the Shining One.
  2490 | D:2      | Found a shimmering altar of Xom.
  2491 | D:2      | Found a sacrificial altar of Ru.
  2511 | D:2      | Found a hide-covered altar of Uskayaw.
  2630 | D:2      | Noticed Robin
  2635 | D:2      | Killed Robin
  3595 | D:3      | Killed from afar by an orc wizard

Vault maps used:
D:1:      dpeg_arrival_round_c
D:2:      nicolae_overflow_quartered_altars, minivault_14, uniq_robin
D:3:      first_ration, st_stairs_12, kennysheep_decorative_pillar

Skill      XL: |  1  2  3  4 |
---------------+-------------+-----
Conjurations   | 2 3 |  3.7
Spellcasting   | 4 |  4.2
Fire Magic     | 4 |  4.1
Dodging        | |  2.4
Stealth        | |  2.4

Action                   |  1- 3 |  4- 6 || total
-------------------------+-------+-------++-------
Melee: Mace              |       |     1 ||     1
 Cast: Flame Tongue      |    59 |    27 ||    86
       Throw Flame       |    20 |    20 ||    40
       Conjure Flame     |       |     1 ||     1
  Eat: Chunk             |     4 |     5 ||     9
Armor: Robe              |     3 |       ||     3
Dodge: Dodged            |    14 |     3 ||    17

Table legend:
 A = Spawn XP
 B = Non-spawn XP
 C = Spawn XP percentage of total XP
 D = Spawn monster count
 E = Non-spawn monster count
 F = Spawn count percentage of total count
 G = Total turns spent on level
                    A         B        C        D         E        F      G
               +---------+---------+-------+---------+---------+-------+---------
         Total |       0 |     180 |   0.0 |       0 |      66 |   0.0 |  3595
               +---------+---------+-------+---------+---------+-------+---------
           D:1 |       0 |      40 |   0.0 |       0 |      25 |   0.0 |  1521
           D:2 |       0 |     104 |   0.0 |       0 |      26 |   0.0 |  1300
           D:3 |       0 |      36 |   0.0 |       0 |      15 |   0.0 |   774
               +---------+---------+-------+---------+---------+-------+---------
